 Dungeon Crawl Stone Soup version 0.18-a0-1293-g5a2c81a (webtiles) character file.

281050 Ratboiler the Warrior (level 20, -4/124 HPs)
             Began as an Octopode Wanderer on Feb 10, 2016.
             Was a High Priest of Qazlal.
             Killed by divine providence
             ... invoked by a smoke demon
              (12 damage)
             ... on level 4 of the Abyss on Feb 12, 2016.
             The game lasted 02:58:11 (50765 turns).

Ratboiler the Warrior (Octopode Wanderer)          Turns: 50765, Time: 02:58:11

Health: -4/124     AC: 15    Str: 15 (16) XL:     20   Next: 49%
Magic:  19/23      EV: 27    Int: 10 (11) God:    Qazlal [*****.]
Gold:   651        SH: 13    Dex: 13      Spells: 1 memorised, 14 levels left

rFire  + + +     SeeInvis +     a - +7 demon trident (elec)
rCold  + + +     Gourm    .     w - +1 buckler "Nubot" {rPois rF+ rC++}
rNeg   . . .     Faith    +     m - +2 hat
rPois  +         Spirit   .     T - amulet "Bisaagan" {Faith Str+2 Stlth+}
rElec  .         Dismiss  .     h - +4 ring of protection
rCorr  .         Reflect  .     q - ring of protection from fire
SustAt .         Harm     .     N - ring of poison resistance
MR     +....                    B - ring of see invisible
Stlth  +.........               z - +3 ring of protection
                                x - +5 ring of protection
                                l - +4 ring of evasion
                                f - ring of No Interval {+Blink rPois rF+ rC++ Str+4 Int-4}

@: non-regenerating, badly diseased, repel missiles, somewhat resistant to
hostile enchantments, very unstealthy
A: almost no armour, amphibious, 8 rings, constrict 8, camouflage 1, blurry
vision 3, clever 1, clumsy 2, deterioration 2, dopey 2, frail 2, low mp 3,
screaming 3, slow regeneration 2, strong 1, weak 2, gelatinous body 1, no device
heal 2, MP-powered wands
a: Upheaval, Elemental Force, Disaster Area, Renounce Religion, Evoke Blink
}: 2/15 runes: decaying, serpentine


You were on level 4 of the Abyss.
You worshipped Qazlal.
Qazlal was extremely pleased with you.
You were not hungry.

You visited 6 branches of the dungeon, and saw 34 of its levels.
You visited the Abyss 1 time.
You also visited: Labyrinth.

You collected 4342 gold pieces.
You spent 3691 gold pieces at shops.

Inventory:

Hand Weapons
 a - a +7 demon trident of electrocution (weapon)
 b - a +0 blowgun
Missiles
 i - 105 poisoned needles
 G - 37 tomahawks (quivered)
Armour
 m - a +2 hat (worn)
 w - the +1 buckler "Nubot" (worn) {rPois rF+ rC++}
   (You bought it in a shop on level 9 of the Dungeon)

   It protects you from fire.
   It greatly protects you from cold.
   It protects you from poison.
Rods
 H - a +1 rod of ignition (14/14)
   (You found it in a labyrinth)
Jewellery
 f - the ring of No Interval (on tentacle) {+Blink rPois rF+ rC++ Str+4 Int-4}
   (You bought it in a shop on level 7 of the Dungeon)

   [ring of protection from fire]

   It affects your strength (+4).
   It affects your intelligence (-4).
   It protects you from fire.
   It greatly protects you from cold.
   It protects you from poison.
   It lets you blink.
 h - a +4 ring of protection (left tentacle)
 l - a +4 ring of evasion (on tentacle)
 q - a ring of protection from fire (right tentacle)
 r - an uncursed amulet of harm
 x - a +5 ring of protection (on tentacle)
 z - a +3 ring of protection (on tentacle)
 B - a ring of see invisible (on tentacle)
 M - an uncursed ring of flight
 N - a ring of poison resistance (on tentacle)
 S - the amulet "Uter" {Spirit rF+ Dex+5}
   (You bought it in a shop on level 2 of the Orcish Mines)

   [amulet of guardian spirit]

   It causes incoming damage to be split between your health and magic.
   It affects your dexterity (+5).
   It protects you from fire.
 T - the amulet "Bisaagan" (around mantle) {Faith Str+2 Stlth+}
   (You bought it in a shop on level 2 of the Elven Halls)

   [amulet of faith]

   It allows you to gain divine favour quickly.
   It affects your strength (+2).
   It makes you more stealthy.
Wands
 e - a wand of heal wounds (0/9)
 F - a wand of digging (6/24)
 O - a wand of teleportation (0/9)
Scrolls
 p - a scroll of identify
 t - 17 scrolls of remove curse
 u - a scroll of magic mapping
 E - a scroll of fear
Potions
 g - 2 potions of invisibility
 j - a potion of ambrosia
 k - 2 potions of flight
 A - a potion of magic
 C - 7 potions of curing
 I - a potion of cancellation
 J - 6 potions of might
 K - 2 potions of resistance
 P - a potion of berserk rage
 Z - a potion of cure mutation
Books
 X - the Disquisition on Calling
   (You found it on level 1 of the Elven Halls)

   Spells                             Type                      Level
   a - Summon Butterflies             Summoning                    1
   b - Summon Small Mammal            Summoning                    1
   c - Summon Mana Viper              Hexes/Summoning              5
   d - Dragon's Call                  Summoning                    9
Miscellaneous
 c - a lantern of shadows
 n - a lamp of fire (inert)
 o - a phial of floods (inert)
 v - a phantom mirror
 L - a stone of tremors
 U - a lamp of fire (inert)
 V - a lamp of fire (inert)
 Y - a sack of spiders
Comestibles
 d - 17 bread rations
 s - 6 meat rations


   Skills:
 + Level 19.2 Fighting
   Level 4.5 Short Blades
 - Level 14.0 Polearms
   Level 1.0(9.4) Staves
   Level 1.0 Bows
 + Level 18.3 Dodging
 - Level 6.0 Shields
 + Level 18.4 Invocations
 - Level 6.1 Evocations


You had 14 spell levels left.
You knew the following spells:

 Your Spells              Type           Power        Failure   Level  Hunger
a - Aura of Abjuration    Summ           #.........   100%        5    ######.


Dungeon Overview and Level Annotations

Branches:
Dungeon (13/15)            Temple (0/1) D:5            Lair (8/8) D:8
  Swamp (4/4) Lair:3        Snake (4/4) Lair:3        Slime (0/6) Lair:6
    Orc (2/2) D:12            Elf (3/3) Orc:2        Vaults (0/5) D:13

Altars:
Ashenzari
Cheibriados
Fedhas
Makhleb
Qazlal
Sif Muna
Vehumet
Xom
Yredelemnul

Shops:
D:5 !   D:7 =   D:9 [   D:10 (   D:13 :   Orc:2 ([=*   Elf:2 [*   Snake:2 *
Snake:3 (

Annotations:
D:3 Ratboiler's ghost, amateur OpWn
D:4 Uberwunderbarhen's ghost, amateur OpTm
D:5 Menkaure
Lair:7 Snorg
Elf:2 5 runed doors


Innate Abilities, Weirdness & Mutations

You cannot wear most types of armour.
You are amphibious.
You can wear up to eight rings at the same time.
You can use your tentacles to constrict eight enemies at once.
Your skin changes colour to match your surroundings (Stealth).
Your rubbery body absorbs attacks (AC +1).
Your mind is acute. (Int +2)
Your muscles are strong. (Str +2)
[Scrolls take you much longer to read.]
[You are very clumsy. (Dex -4)]
[Your body often deteriorates upon taking damage.]
[You are very dopey. (Int -4)]
[You are very frail (-20% HP).]
[Your magical capacity is extremely low (-30% MP).]
[You frequently scream uncontrollably at your foes.]
[You do not regenerate naturally when monsters are visible.]
[You are very weak. (Str -4)]
[Potions and wands are poor at restoring your health.]
[You expend magic power (3 MP) to strengthen your wands.]


Message History

The smoke demon roars!
The wretched star glows turbulently.
The orb of energy hits you!
* * * LOW HITPOINT WARNING * * *
You hear a roar!
A starcursed mass comes into view.
The wretched star glows turbulently.
The orb of energy is repelled.
A starcursed mass splits.
You hear a chilling moan.
Evoke which item? (* to show all) (? for menu, Esc to quit)
Zapping:
F - a wand of digging (7/24)
Press: ? - help, Shift-Dir - straight line The rock shatters into small pieces.
This wand has 6 charges left.
A hellwing comes into view.
The hellwing gives a chilling moan.
The starcursed mass shrieks in your mind.
* * * LOW HITPOINT WARNING * * *
The smoke demon gestures at you. Something smites you!
You die...

≈≈≈♣≈. ≈≈
#≈.##
##≈♣≈#t≈.# ..#
#≈≈≈.≈≈≈♣≈3≈≈≈
#♣≈##*#.##4.##
#.3.... ##
#..#.X#.#
##.##.# #
#.#..# ##@# #
#....#.....#
♣.♣.#. ..#♣♣.#
♣ .. ♣♣.♣ ..♣
♣♣ ♣♣♣


You could see a starcursed mass, a wretched star, a hellwing and 2 smoke demons.

Vanquished Creatures
  Vashnia (Snake:4)
  Asterion (Snake:4)
  2 deep elf blademasters (Elf:3)
  2 deep elf master archers (Elf:3)
  2 tentacled starspawn (Abyss:3)
  2 thorn hunters (Swamp:4)
  Kirke (Swamp:4)
  11 greater nagas
  3 deep elf sorcerers (Elf:3)
  An orc warlord (Orc:2)
  3 deep elf elementalists (Elf:3)
  The ghost of WhatIsLove the Spry, a journeyman DsMo of Cheibriados (Orc:2)
  A very ugly thing (Swamp:4)
  7 deep elf demonologists
  6 deep elf annihilators (Elf:3)
  A minotaur (Lab)
  2 deep elf death magi (Elf:3)
  5 deep elf high priests (Elf:3)
  28 hydras
  3 ghost crabs
  14 naga warriors
  14 anacondas
  14 dancing weapons
  21 alligators
  3 shock serpents
  6 deep elf knights
  15 naga sharpshooters
  Urug (Lair:2)
  A thrashing horror (Abyss:4)
  2 orc high priests (Orc:2)
  Nergalle (D:12)
  2 salamander mystics (Snake:4)
  2 spriggan berserkers (Swamp:4)
  4 unseen horrors (Elf:1)
  6 starcursed masses
  3 shambling mangroves
  7 deep elf archers
  An unseen horror (shapeshifter) (Elf:3)
  7 naga ritualists
  21 swamp dragons
  2 hill giants
  7 orc knights
  Pikel (D:5)
  5 large abominations (Abyss:3)
  An orb spider (Abyss:4)
  4 ugly things
  9 mana vipers
  4 salamanders
  53 deep elf magi
  The ghost of yogakurto the Caller, a novice DsSu of Qazlal (D:7)
  A manticore (D:10)
  3 hornets
  5 orc sorcerers
  A worldbinder (Abyss:3)
  A cyclops (D:12)
  6 elephants
  A sixfirhy (Abyss:3)
  40 black mambas
  A smoke demon (Abyss:4)
  5 guardian serpents
  Psyche (D:7)
  18 naga magi
  38 spiny frogs
  2 torpor snails
  An orange demon (Abyss:3)
  A centaur skeleton (D:7)
  A kobold demonologist (D:13)
  15 komodo dragons
  4 fire drakes
  An ancient zyme (Abyss:3)
  3 trolls
  7 giant leeches
  2 polar bears
  27 blink frogs
  10 slime creatures
  7 bog bodies
  A boulder beetle (Lair:8)
  2 raiju (Abyss:4)
  2 ynoxinuls (Abyss:4)
  A shadow (Swamp:3)
  4 air elementals
  65 yaks
  5 spriggans
  5 water elementals
  2 wyverns (D:13)
  2 redbacks (Lab)
  2 fire elementals
  A steam dragon (D:13)
  4 basilisks
  A chaos spawn (Abyss:3)
  4 hogs (Swamp:3)
  14 hippogriffs
  28 vampire mosquitoes
  5 wargs
  A hungry ghost (D:11)
  2 mottled dragons (D:13)
  18 insubstantial wisps
  45 nagas
  6 wolves
  23 water moccasins
  24 swamp worms
  14 porcupines
  33 orc warriors
  5 phantoms
  18 swamp drakes
  3 ice beasts
  A black bear (D:10)
  4 sky beasts
  12 wasps
  15 ogres
  5 centaurs
  15 crocodiles
  5 big kobolds
  43 giant frogs
  A wyvern skeleton (D:12)
  2 earth elementals
  A water moccasin zombie (D:7)
  3 scorpions
  A water moccasin skeleton (D:9)
  5 killer bees
  8 wights
  4 electric eels
  5 crimson imps
  2 giant frog zombies
  5 centaur zombies
  9 hounds
  2 quasits
  3 giant frog skeletons
  7 jellies
  22 orc wizards
  11 orc priests
  An iron imp (Abyss:3)
  15 iguanas
  13 worker ants
  6 small abominations
  23 sheep
  A hound zombie (D:10)
  Robin (D:3)
  2 gnolls
  14 adders
  45 river rats
  3 shadow imps
  A white imp (Abyss:3)
  3 ufetubi
  An ooze (Abyss:3)
  2 adder skeletons
  3 adder zombies
  A worm (D:2)
  4 giant geckos
  78 orcs
  3 ball pythons
  6 bats
  5 giant cockroaches
  12 goblins
  5 hobgoblins
  16 jackals
  2 quokkas
  2 giant gecko skeletons (D:4)
  9 giant newts
  A jackal skeleton (D:6)
  20 kobolds
  A quokka skeleton (D:4)
  12 rats
  3 butterflies
  86 fungi
  31 plants
1479 creatures vanquished.

Vanquished Creatures (collateral kills)
  Nikola (Snake:4)
  Aizul (Snake:1)
  A deep elf death mage (Elf:3)
  A naga warrior (Snake:1)
  A naga sharpshooter (Snake:4)
  A swamp dragon (Swamp:3)
  An orc knight (Orc:2)
  2 griffons (Lair:7)
  A salamander (Snake:1)
  A naga mage (Snake:1)
  A giant leech (Swamp:3)
  A yak (Lair:7)
  An insubstantial wisp (Swamp:4)
  4 nagas (Snake:1)
  2 electric eels (Lair:8)
20 creatures vanquished.

Vanquished Creatures (others)
  A deep elf elementalist (Elf:3)
  A deep elf mage (Elf:3)
  2 raiju (Abyss:4)
  A centaur (D:6)
  3 insubstantial wisps
  2 nagas (Snake:4)
  A slave (D:6)
  A wight (D:13)
  A hound (D:6)
  A starcursed mass (Abyss:4)
  2 orc priests (D:6)
  A worker ant (D:6)
  3 gnolls (D:6)
  An adder (D:6)
  A giant gecko (D:6)
  An orc (D:6)
  34 fungi
  2 lurking horrors
  11 plants
  8 starspawn tentacles (Abyss:3)
  234 starspawn tentacle segments (Abyss:3)
312 creatures vanquished.

Grand Total: 1811 creatures vanquished

Notes
Turn   | Place    | Note
--------------------------------------------------------------
     0 | D:1      | Ratboiler the Octopode Wanderer began the quest for the Orb.
     0 | D:1      | Ratboiler set off with: a +2 quarterstaff, a scroll of teleportation, a wand of random effects (15/48), a bread ration
     0 | D:1      | Reached XP level 1. HP: 19/19 MP: 1/1
     2 | D:1      | Noticed a formicid
     2 | D:1      | Noticed a ghoul
     4 | D:1      | Noticed a naga
     4 | D:1      | Noticed an octopode
     6 | D:1      | Noticed a dwarf
     8 | D:1      | Noticed a merfolk
    10 | D:1      | Noticed an ogre
    10 | D:1      | Noticed an elf
    12 | D:1      | Noticed a gargoyle
    12 | D:1      | Noticed a vine stalker
    14 | D:1      | Noticed a halfling
    16 | D:1      | Noticed a spriggan
    18 | D:1      | Noticed a demigod
    18 | D:1      | Noticed a draconian
    20 | D:1      | Noticed a felid
    20 | D:1      | Noticed a minotaur
    22 | D:1      | Noticed a troll
    22 | D:1      | Noticed a demonspawn
    24 | D:1      | Noticed a tengu
    24 | D:1      | Noticed a human
    26 | D:1      | Noticed a vampire
    26 | D:1      | Noticed a centaur
   173 | D:1      | Reached XP level 2. HP: 22/25 MP: 2/2
   964 | D:1      | Reached XP level 3. HP: 29/31 MP: 3/3
  1370 | D:2      | Reached skill level 7 in Fighting
  1608 | D:2      | Reached XP level 4. HP: 33/38 MP: 4/4
  2304 | D:2      | Found a shimmering altar of Xom.
  2496 | D:3      | Reached skill level 1 in Short Blades
  2496 | D:3      | Reached XP level 5. HP: 21/43 MP: 5/5
  2703 | D:3      | Noticed Robin
  2717 | D:3      | Killed Robin
  3381 | D:3      | Reached XP level 6. HP: 42/49 MP: 6/6
  3953 | D:4      | Noticed Uberwunderbarhen's ghost (amateur OpTm)
  4027 | D:4      | Found a radiant altar of Vehumet.
  4028 | D:4      | Found a snail-covered altar of Cheibriados.
  4029 | D:4      | Found a burning altar of Makhleb.
  4561 | D:4      | Got an ancient spear
  4562 | D:4      | Identified the +7 spear "Ystroirub" {pierce, rPois MR+ Dex-4} (You found it on level 4 of the Dungeon)
  4614 | D:4      | Noticed a phantom
  4867 | D:4      | Killed a phantom
  4867 | D:4      | Reached XP level 7. HP: 33/54 MP: 7/7
  5420 | D:4      | Found a stormy altar of Qazlal.
  5420 | D:4      | Found a shimmering altar of Xom.
  5420 | D:4      | Found a basalt altar of Yredelemnul.
  5428 | D:4      | Became a worshipper of Qazlal Stormbringer
  5645 | D:3      | Noticed Ratboiler's ghost (amateur OpWn)
  5678 | D:5      | Entered Level 5 of the Dungeon
  5752 | D:5      | Found Uguith's Distillery.
  5756 | D:5      | Bought a potion of heal wounds for 60 gold pieces
  5756 | D:5      | Bought a potion of lignification for 36 gold pieces
  5756 | D:5      | Bought a potion of flight for 36 gold pieces
  5756 | D:5      | Bought a potion of curing for 36 gold pieces
  6100 | D:5      | Found a staircase to the Ecumenical Temple.
  6101 | D:5      | Noticed Pikel
  6141 | D:5      | Killed Pikel
  6141 | D:5      | Reached XP level 8. HP: 46/60 MP: 8/8
  6418 | D:5      | Noticed Menkaure
  6504 | D:6      | Gained mutation: Your mind is acute. (Int +2) [potion of beneficial mutation]
  6589 | D:6      | Found a deep blue altar of Sif Muna.
  6916 | D:6      | Reached skill level 8 in Polearms
  7018 | D:7      | Reached * piety under Qazlal
  7193 | D:7      | Reached skill level 9 in Polearms
  7193 | D:7      | Reached XP level 9. HP: 64/64 MP: 9/9
  7194 | D:7      | Found Ozuuwyf's Jewellery Boutique.
  7584 | D:7      | Reached skill level 10 in Polearms
  7614 | D:7      | Noticed yogakurto's ghost (novice DsSu)
  7673 | D:8      | Noticed Psyche
  7902 | D:8      | Found a staircase to the Lair.
  7902 | D:8      | Noticed a fire drake
  7909 | D:8      | Killed a fire drake
  8035 | D:8      | Reached skill level 11 in Polearms
  8738 | D:7      | Reached skill level 1 in Dodging
  9114 | D:7      | Killed Psyche
  9114 | D:7      | Reached XP level 10. HP: 47/71 MP: 10/10
  9527 | D:8      | Noticed a three-headed hydra
  9544 | D:8      | Killed a one-headed hydra
  9815 | D:8      | Reached ** piety under Qazlal
 10479 | D:9      | Found a blossoming altar of Fedhas.
 10763 | D:9      | Found Oxyus's Antique Armour Emporium.
 10776 | D:9      | Bought a distressingly furry buckler for 190 gold pieces
 10781 | D:9      | Identified the +1 buckler "Nubot" {rPois rF+ rC++} (You bought it in a shop on level 9 of the Dungeon)
 11324 | Lair:1   | Entered Level 1 of the Lair of Beasts
 11617 | D:10     | Entered Level 10 of the Dungeon
 11628 | D:10     | Noticed a hill giant
 12263 | Lair:1   | Reached XP level 11. HP: 33/77 MP: 11/11
 12904 | Lair:1   | Reached *** piety under Qazlal
 13247 | Lair:1   | Reached skill level 5 in Shields
 14057 | Lair:2   | Noticed Urug
 15078 | Lair:3   | Found a staircase to the Swamp.
 15994 | Lair:3   | Reached skill level 12 in Polearms
 15994 | Lair:3   | Reached XP level 12. HP: 36/87 MP: 8/12
 16246 | Lair:3   | Found a staircase to the Snake Pit.
 16518 | Lair:4   | Reached skill level 10 in Fighting
 16523 | Lair:4   | Reached skill level 10 in Dodging
 16553 | Lair:4   | Reached skill level 1 in Invocations
 16649 | Lair:4   | Reached **** piety under Qazlal
 17870 | Lair:5   | Noticed a seven-headed hydra
 17895 | Lair:5   | Noticed an eight-headed hydra
 17974 | Lair:4   | Reached skill level 5 in Invocations
 18350 | Lair:5   | Killed a seven-headed hydra
 18545 | Lair:5   | Noticed a seven-headed hydra
 18551 | Lair:5   | Killed a seven-headed hydra
 18647 | Lair:5   | Reached ***** piety under Qazlal
 18895 | Lair:5   | Reached XP level 13. HP: 75/93 MP: 19/19
 20076 | Lair:6   | Found a staircase to the Slime Pits.
 21097 | Lair:7   | Noticed Snorg
 21123 | Lair:7   | Found a labyrinth entrance.
 21134 | Lab      | Entered a labyrinth
 21232 | Lab      | Noticed a minotaur
 21274 | Lab      | Killed a minotaur
 21374 | Lab      | Got an ebony arbalest
 21498 | Lair:8   | Entered Level 8 of the Lair of Beasts
 23273 | Lair:7   | Reached XP level 14. HP: 102/104 MP: 20/20
 23808 | Lair:8   | Reached skill level 5 in Evocations
 24859 | Lair:8   | Reached skill level 13 in Dodging
 25397 | Lair:8   | Reached ****** piety under Qazlal
 26909 | D:10     | Identified a scroll of acquirement
 27061 | D:7      | Bought the ring of No Interval {+Blink rPois rF+ rC++ Str+4 Int-4} for 789 gold pieces
 27061 | D:7      | Bought a +4 ring of evasion for 468 gold pieces
 27061 | D:7      | Bought a cursed ring of loudness for 58 gold pieces
 27061 | D:7      | Bought a cursed -5 ring of slaying for 26 gold pieces
 27096 | D:7      | Killed yogakurto's ghost
 27689 | D:10     | Found Zasif's Weapon Shoppe.
 28092 | D:11     | Found a shattered altar of Ashenzari.
 28255 | D:11     | Reached skill level 10 in Invocations
 28446 | D:11     | Got an encrusted long sword
 28447 | D:11     | Identified the +1 long sword of the Forsaken Cities {slice, rF+ MP+9} (You found it on level 11 of the Dungeon)
 28874 | D:12     | Noticed Nergalle
 28875 | D:12     | Found a staircase to the Orcish Mines.
 28927 | D:12     | Killed Nergalle
 29166 | D:12     | Reached XP level 15. HP: 103/112 MP: 22/22
 29546 | D:12     | Reached skill level 14 in Dodging
 29725 | Orc:1    | Entered Level 1 of the Orcish Mines
 29901 | Orc:2    | Entered Level 2 of the Orcish Mines
 29901 | Orc:2    | Found Amatoreq's General Store.
 29901 | Orc:2    | Noticed an orc warlord
 29921 | Orc:1    | You fall through a shaft!
 29921 | Orc:2    | Found Wuserghyzyz's Antique Armour Shop.
 29921 | Orc:2    | Noticed WhatIsLove's ghost (journeyman DsMo)
 30086 | Orc:2    | Killed an orc warlord
 30366 | Orc:2    | Found Boomebut's Jewellery Emporium.
 30515 | Orc:2    | Found Angic's Antique Weapon Boutique.
 31109 | Orc:2    | Bought an embroidered hat for 100 gold pieces
 31147 | Orc:2    | Found a staircase to the Elven Halls.
 31192 | Orc:2    | Killed WhatIsLove's ghost
 31569 | Orc:2    | Bought a cursed amulet of inaccuracy for 20 gold pieces
 31569 | Orc:2    | Bought the amulet "Uter" {Spirit rF+ Dex+5} for 545 gold pieces
 31573 | Orc:2    | Bought an uncursed ring of see invisible for 150 gold pieces
 31991 | D:13     | Found a gate to the Vaults.
 32080 | D:13     | Found Qoytucali's Book Shoppe.
 32353 | D:13     | Reached skill level 15 in Dodging
 32804 | D:13     | Reached skill level 15 in Fighting
 32815 | D:13     | Identified a +1 rod of ignition (14/14) (You found it in a labyrinth)
 33010 | Lair:2   | Killed Urug
 33143 | Swamp:1  | Entered Level 1 of the Swamp
 33629 | Lair:3   | Reached XP level 16. HP: 115/122 MP: 24/24
 34420 | Swamp:1  | Learned a level 5 spell: Aura of Abjuration
 36681 | Swamp:3  | Reached skill level 15 in Invocations
 36938 | Swamp:3  | Got a scorched spear
 36972 | Swamp:3  | Identified the +6 spear of Debt {vamp, Int+3} (You found it on level 3 of the Swamp)
 37301 | Swamp:3  | Found a basalt altar of Yredelemnul.
 37806 | Swamp:4  | Entered Level 4 of the Swamp
 37813 | Swamp:4  | Noticed a thorn hunter
 37880 | Swamp:4  | Killed a thorn hunter
 38050 | Swamp:4  | Noticed Kirke
 38054 | Swamp:4  | Reached skill level 16 in Invocations
 38215 | Swamp:4  | Reached XP level 17. HP: 127/127 MP: 29/29
 38565 | Swamp:4  | Killed Kirke
 39373 | Swamp:4  | Got a decaying rune of Zot
 39695 | Orc:2    | Bought a lantern of shadows for 300 gold pieces
 39695 | Orc:2    | Bought a lamp of fire for 600 gold pieces
 39900 | Snake:1  | Entered Level 1 of the Snake Pit
 40100 | Snake:1  | Noticed Aizul
 40113 | Snake:1  | Killed Aizul
 41062 | Snake:2  | Reached skill level 17 in Fighting
 41082 | Snake:2  | Gained mutation: Your muscles are strong. (Str +2) [potion of mutation]
 41082 | Snake:2  | Gained mutation: [You occasionally shout uncontrollably at your foes.] [potion of mutation]
 41443 | Snake:2  | Reached XP level 18. HP: 138/138 MP: 28/30
 41474 | Snake:2  | Found Astrururph's Assorted Antiques.
 41974 | Snake:3  | Found Zaru's Antique Weapon Shoppe.
 42656 | Snake:4  | Entered Level 4 of the Snake Pit
 42728 | Snake:4  | Noticed Asterion
 43057 | Snake:4  | Noticed Vashnia
 43276 | Snake:4  | Noticed Nikola
 43282 | Snake:4  | Killed Nikola
 43830 | Snake:4  | Killed Vashnia
 44631 | Snake:4  | Killed Asterion
 44650 | Snake:4  | Reached XP level 19. HP: 59/146 MP: 7/31
 45030 | Snake:4  | Reached skill level 18 in Fighting
 45850 | Snake:4  | Got a serpentine rune of Zot
 46154 | Orc:2    | Bought a scroll of enchant weapon for 112 gold pieces
 46196 | Elf:1    | Entered Level 1 of the Elven Halls
 46385 | Elf:1    | Noticed an Ice Fiend
 46604 | Elf:1    | Identified the Disquisition on Calling
 47035 | Elf:2    | Found Roep's Armour Shoppe.
 47311 | Elf:2    | Found Apnoumpix's Assorted Antiques.
 47319 | Elf:2    | Bought a sparkling zirconium amulet for 165 gold pieces
 47324 | Elf:2    | Identified the amulet "Bisaagan" {Faith Str+2 Stlth+} (You bought it in a shop on level 2 of the Elven Halls)
 47461 | Elf:2    | Found a huge runed gate.
 47461 | Elf:2    | Found a huge runed gate.
 47461 | Elf:2    | Found a huge runed gate.
 47461 | Elf:2    | Found a huge runed gate.
 47461 | Elf:2    | Found a huge runed gate.
 47726 | Elf:3    | Entered Level 3 of the Elven Halls
 47863 | Elf:3    | Noticed an Ice Fiend
 47868 | Elf:3    | Noticed a Hell Sentinel
 48018 | Elf:3    | Reached XP level 20. HP: 49/154 MP: 30/32
 49594 | Elf:3    | Reached skill level 19 in Fighting
 49857 | Elf:3    | Cast into level 2 of the Abyss (a deep elf demonologist)
 49867 | Abyss:3  | Found a corrupted altar of Lugonu.
 49928 | Abyss:3  | Found a sparkling altar of Nemelex Xobeh.
 50604 | Abyss:4  | Noticed a bone dragon
 50605 | Abyss:4  | Noticed a lich
 50609 | Abyss:4  | Found a corrupted altar of Lugonu.
 50765 | Abyss:4  | Killed from afar by a smoke demon

Vault maps used:
D:1:      kb_arrival_jail, grunt_decor_resistance
D:2:      tgw_xom
D:3:      uniq_robin
D:4:      grunt_temple_overflow_open
D:5:      minmay_temple_entry_overgrown, first_bread, serial_shops, shop,
          minmay_holes, kennysheep_nondescript,
          hangedman_abyss_or_decor_stagger, minmay_item_behind_shaft,
          uniq_pikel, uniq_menkaure
D:6:      lemuel_round_altar, corexii_shack
D:7:      serial_shops, nicolae_shop_stone
D:8:      minmay_lair_entry_lava, hangedman_ranch, amalloy_card_club,
          uniq_psyche
D:9:      kennysheep_little_box, serial_shops, nicolae_shop_waterfront,
          kennysheep_diamond
D:10:     serial_shops, nicolae_shop_trees, eino_small_chamber_without_monster
D:11:     basic_altar
D:12:     orc_0_dummy, uniq_nergalle
D:13:     erik_vaults_1, serial_shops, nicolae_shop_stone, elves_outpost_lemuel
Lair:2:   grunt_forest_small_clearing_treed, uniq_urug
Lair:3:   swamp_mist_pool, minmay_snake_entry_six_corridors
Lair:4:   roderic_lost_polar_bear, serial_bayou_shore_b
Lair:5:   small_statue_intersection, hangedman_lair_generics_rect,
          serial_bayou_shore_a, grunt_megastairs_4, lemuel_fruit_tree,
          infiniplex_staircase_pool_2
Lair:6:   minmay_slime_entry_pillars, serial_bayou_shore_b,
          serial_bayou_shore_b, lemuel_fruit_fields, serial_bayou_shore_b,
          bh_autumn_forest_stairs
Lair:7:   lab_entry_generic, infiniplex_staircase_pool, grunt_megastairs_5,
          uniq_snorg
Lair:8:   minmay_lair_end_frog_pond, nicolae_quartered_pool_super, pond
Swamp:1:  nicolae_swamp_little_tower, swamp_pool4, st_swamp_ruins_4
Swamp:2:  evilmike_swamp_ruin_rubble_2
Swamp:3:  evilmike_swamp_ruin_house_5, swamp_pool2, grunt_ruined_hall
Swamp:4:  swamp_basic_johnstein, swamp_pool4, uniq_kirke
Snake:1:  uniq_aizul
Snake:2:  serial_shops, shop
Snake:3:  serial_shops, nicolae_shop_window_shopping
Snake:4:  johnstein_snake_rune_scales, spider_trap, uniq_vashnia, uniq_asterion,
          uniq_nikola
Orc:2:    grunt_orc_gardens, grunt_orc_garden, grunt_orc_garden,
          grunt_orc_garden, grunt_orc_garden, abandoned_shop
Elf:1:    elf_arrival_001, serial_glass, glass_columns_c, glass_columns_c,
          glass_columns_a, glass_columns_b, glass_columns_b, glass_columns_b,
          glass_columns_c, glass_columns_b, glass_columns_c, glass_columns_b,
          glass_columns_a, glass_columns_c, glass_columns_b, glass_columns_b,
          item_on_display_a, due_unseen_surprise, item_on_display_a,
          feat_on_display, minmay_elf_demonology
Elf:2:    serial_shops, shop, shop_fountains
Elf:3:    grunt_elf_hall_diamonds
Abyss:3:  abyss_rune_water_cross
Abyss:4:  evilmike_abyss_exit_6, minivault_5, hangedman_decor_points,
          due_abyss_rune
Lab:      labyrinth_green, nicolae_lab_grate_2, nicolae_lab_t_cross,
          nicolae_lab_flowing_pool, lab_statue

Action                   |  1- 3 |  4- 6 |  7- 9 | 10-12 | 13-15 | 16-18 | 19-21 || total
-------------------------+-------+-------+-------+-------+-------+-------+-------++-------
Melee: Quarterstaff      |    58 |    24 |       |       |       |       |       ||    82
       Dagger            |       |   121 |       |       |       |       |       ||   121
       Spear             |       |    18 |   207 |   836 |  2184 |  1872 |       ||  5117
       Falchion          |       |       |       |     7 |       |       |       ||     7
       Demon trident     |       |       |       |       |       |   402 |   761 ||  1163
Throw: Tomahawk          |       |       |       |    11 |     3 |       |       ||    14
Invok: Upheaval          |       |       |       |       |     7 |     9 |     2 ||    18
       Elemental Force   |       |       |       |       |     6 |     7 |     4 ||    17
       Disaster Area     |       |       |       |       |       |     1 |     1 ||     2
Evoke: Wand              |       |       |     2 |       |    16 |     7 |    38 ||    63
       Lamp of fire      |       |       |       |       |     2 |     2 |     2 ||     6
       Stone of tremors  |       |       |       |       |     1 |       |       ||     1
       Phial of floods   |       |       |       |       |       |     1 |     2 ||     3
       Sack of spiders   |       |       |       |       |       |       |     1 ||     1
  Use: Scroll            |       |       |     9 |     7 |    23 |    18 |    21 ||    78
       Potion            |       |       |     3 |     1 |     6 |     4 |     7 ||    21
 Stab: Sleeping          |     8 |     7 |     5 |       |       |       |       ||    20
       Confused          |       |       |       |       |     2 |       |       ||     2
       Distracted        |       |       |       |       |       |     3 |     1 ||     4
  Eat: Chunk             |     2 |    17 |    15 |    19 |     4 |       |       ||    57
       Beef jerky        |       |       |       |     3 |     2 |     3 |       ||     8
       Pizza             |       |       |       |       |     9 |       |       ||     9
       Fruit             |       |       |       |       |    30 |    13 |     4 ||    47
       Royal jelly       |       |       |       |       |     1 |     2 |     1 ||     4
       Meat ration       |       |       |       |       |     1 |     4 |     3 ||     8
